[Event "21st Bangkok CC Open 2024"]
[Site "Bangkok"]
[Date "2024.04.14"]
[Round "2.2"]
[White "Frayna, Janelle Mae"]
[Black "Pranesh M"]
[Result "0-1"]
[ECO "A13"]
[WhiteElo "2190"]
[BlackElo "2538"]
[Annotator "TA"]
[PlyCount "124"]
[EventDate "2024.04.13"]
[EventType "swiss"]
[EventCountry "THA"]
[SourceTitle "playchess.com"]
[Source "ChessBase"]
[SourceQuality "1"]
[TimeControl "40/5400+30:1800+30"]

1. c4 e6 2. Nf3 Nf6 3. g3 d5 4. Bg2 dxc4 5. Qa4+ Nbd7 6. Qxc4 c5 7. Qc2 (7. O-O {is interesting.} b6 8. Nd4 Ne5 9. Nc6) 7... b5 (7... b6 $11 {is superior.}) 8. a4 $14 b4 9. Ne5 Ba6 {[%emt 0:08:16] The position is equal.} 10. Nc4 Rc8 11. d3 Be7 12. O-O O-O 13. Nbd2 Nd5 14. Nb3 Nb8 15. Bd2 Nc6 16. Rfc1 Qd7 17. Ne3 Ne5 18. Na5 Bf6 19. Nec4 Qc7 20. Qb3 Rfd8 21. Rc2 Ng6 22. Rac1 Rb8 23. Be3 Nge7 (23... Nxe3 $6 24. Nxe3 Qxa5 25. Rxc5 $14) 24. Nd2 Nxe3 (24... Qxa5 25. Rxc5 Bb5 (25... Qb6 $2 26. Rxd5 Nxd5 27. Bxb6 $18) 26. Bxd5 Qxa4 (26... Nxd5 27. Rxb5 Rxb5 28. Nc4 $16) 27. Bc4 Qxb3 28. Nxb3 Bxc4 29. R5xc4 Bxb2 30. Rb1 $11) 25. Rxc5 Qb6 26. fxe3 Nd5 (26... Rbc8 $1 $11 27. Ne4 Rxc5 28. Rxc5 Rd5) 27. Nc6 (27. Ne4 $1 $14 Be7 (27... Nxe3 $2 28. Nc6 $18) 28. Nc6 Bxc5 29. Rxc5 Nxe3 30. a5) 27... Nc3 $1 $36 {[%emt 0:00:22][%mdl 2048] Black has good play.} 28. bxc3 Qxc5 29. d4 $1 bxc3 $1 30. Nxb8 {[%emt 0:01:25] [#] A dynamic duo of knights.} Bxd4 31. Nxa6 Bxe3+ 32. Kh1 ({White must play} 32. Kf1 $1 $15 Qf5+ (32... cxd2 33. Rd1 $11) 33. Nf3 Bxc1 34. Qxc3) 32... cxd2 $19 33. Rd1 Qc1 {[%emt 0:01:10][%mdl 1024] Black has strong compensation.} 34. Be4 Rc8 35. Kg2 g6 $1 36. Nb4 Rc3 {[%emt 0:03:21] Prevents Nd3} ({Better is} 36... Rb8 $1 $19 {[%cal Rb8b4] White must now prevent ...Rxb4!} 37. Bc2 Bc5 (37... Rxb4 38. Qxb4 Qxc2 39. Qb8+ Kg7 40. Qe5+ f6 41. Qxe6 $11)) 37. Qb1 $17 {[%emt 0:00:15] [#]} Qxb1 $1 38. Bxb1 Rc1 39. Bc2 a5 40. Kf3 Bg5 {[%emt 0:01:30] Black is more active.} 41. e3 axb4 42. Rxd2 {[%emt 0:00:04][%mdl 4096] Endgame. [#] KRB-KRB} b3 $1 43. Bxb3 Rc3 44. Bd1 ({White should play} 44. Rb2) 44... Rxe3+ 45. Kf2 Rxg3 {[%emt 0:33:32] aiming for ...Rh3.} 46. Ra2 (46. Rd5 $17) 46... Rc3 $19 47. a5 Be7 48. a6 {[%emt 0:00:32] [#]} (48. Be2 $142) 48... Ra3 $1 (48... Bc5+ 49. Kg2 $17) 49. Rxa3 (49. Rc2) 49... Bxa3 {[%emt 0:00:00] KB-KB} 50. Ke2 Bc5 51. Kd3 f5 52. Bb3 Kf7 53. Kc4 Bg1 54. Kb5 Ke7 (54... Bxh2 $2 55. a7 Bg3 56. a8=Q $18 (56. a8=B h5 $17)) 55. Kc6 e5 (55... Bxh2 $2 56. a7 Kf6 57. a8=Q $18 (57. a8=B $2 {perishes.} g5 $19)) 56. Kd5 e4 (56... Bxh2 $2 {too greedy.} 57. a7 Kf6 58. a8=Q $18 (58. a8=B $2 {loses.} g5 $19)) 57. h4 Kf6 58. Bd1 Ba7 59. Bc2 h6 {[%emt 0:00:00] ...g5 is the strong threat.} 60. Bd1 g5 {[%emt 0:00:00] Black mates.} 61. hxg5+ hxg5 62. Be2 g4 {[%emt 0:08:30] Weighted Error Value: White=0.44/Black=0.07 (flawless) .  Mistake:       	White=6     	Black=2      Inaccurate:     	White=3     	Black=2      OK:         	White=19    	Black=20     Best:        	White=4     	Black=4      Strong:       	White=1     	Black=5      Brilliant:      	---       	Black=1} 0-1

[Event "21st Bangkok CC Open 2024"]
[Site "Bangkok"]
[Date "2024.04.14"]
[Round "2.3"]
[White "Mabusela, Johannes Manyedi"]
[Black "Peng, Xiongjian"]
[Result "0-1"]
[ECO "E39"]
[WhiteElo "2176"]
[BlackElo "2521"]
[Annotator "RC"]
[PlyCount "160"]
[EventDate "2024.04.13"]
[EventType "swiss"]
[EventCountry "THA"]
[SourceTitle "playchess.com"]
[Source "ChessBase"]
[SourceQuality "1"]
[TimeControl "40/5400+30:1800+30"]

1. d4 Nf6 2. c4 e6 3. Nc3 Bb4 4. Qc2 c5 5. dxc5 Nc6 6. Nf3 Bxc5 7. e3 O-O 8. a3 d5 9. Be2 dxc4 10. Bxc4 Bd7 11. O-O Rc8 12. Rd1 Qe7 13. Qe2 e5 14. e4 Bg4 15. Be3 Nd4 16. Bxd4 Bxd4 17. Nd5 Nxd5 18. Bxd5 Bxf3 19. gxf3 Rc7 20. Kh1 Rfc8 21. Rd2 Qf6 22. Rg1 h5 23. Rg2 Qf4 24. Qd3 Kh7 25. Bb3 g6 26. Rg1 Kg7 27. Qe2 b5 28. a4 b4 29. Rf1 h4 30. h3 Rc6 31. Rdd1 R8c7 32. Rd2 a5 33. Kg2 Rd6 34. Rfd1 Rcd7 35. Bd5 Rf6 36. Rc2 Rd8 37. Rd3 Qg5+ 38. Kh1 Rdd6 39. Qd2 Qh5 40. Qe2 Rb6 41. b3 Bc3 42. Rc1 Rf4 43. Rg1 Rbf6 44. Rg4 Bd4 45. Rxf4 Rxf4 46. Kg2 Qg5+ 47. Kh1 Rf6 48. Rd1 Rd6 49. Qd2 Qd8 50. Kg2 Rd7 51. Rc1 Bc3 52. Qe3 Qf6 53. Rd1 Rc7 54. Bc4 Bd4 55. Qe2 Rc8 56. Kh1 Qf4 57. Kg2 Qg5+ 58. Kh1 Kf8 59. Rg1 Qf4 60. Rd1 Ke7 61. Kg2 Qg5+ 62. Kh1 Rc6 63. Rg1 Qf4 64. Rd1 Rxc4 65. bxc4 b3 66. Kg2 Qg5+ 67. Kf1 Qf6 68. Rb1 Qb6 69. Qd3 b2 70. Qc2 Kd6 71. Ke2 Kc5 72. f4 exf4 73. Qd3 Qb4 74. Kd1 Qxa4+ 75. Qc2 Qxc4 76. Qxc4+ Kxc4 77. Kc2 a4 78. Rd1 a3 79. Kb1 Kb3 80. Rxd4 a2# 0-1

[Event "21st Bangkok CC Open 2024"]
[Site "Bangkok"]
[Date "2024.04.14"]
[Round "2.4"]
[White "Makhnev, Denis"]
[Black "Than, Min Hlaing"]
[Result "1-0"]
[ECO "A37"]
[WhiteElo "2516"]
[BlackElo "2168"]
[Annotator "TA"]
[PlyCount "89"]
[EventDate "2024.04.13"]
[EventType "swiss"]
[EventCountry "THA"]
[SourceTitle "playchess.com"]
[Source "ChessBase"]
[SourceQuality "1"]
[TimeControl "40/5400+30:1800+30"]

1. Nf3 c5 2. g3 Nc6 3. Bg2 g6 4. c4 Bg7 5. O-O e6 6. d3 Nge7 7. Nc3 d5 8. cxd5 exd5 9. Bd2 O-O 10. a3 h6 11. Na4 {[%emt 0:21:29] The position is equal.} b6 12. b4 cxb4 13. axb4 a6 (13... Bg4 $5) 14. Rb1 Bd7 15. Qb3 Kh7 16. Rfc1 Rc8 (16... d4 $11) 17. Qa2 g5 18. h3 f5 19. Nc3 g4 20. hxg4 fxg4 21. Nh4 Nd4 22. Be3 (22. Nxd5 Nxe2+ 23. Kh2 Rxc1 (23... Nxc1 24. Bxc1 Be6 25. Nxe7 $15) (23... Rxf2 24. Rxc8 Bxc8 25. Be1 $11) 24. Bxc1 Rxf2 $17) (22. Qxa6 $2 Rxc3 23. Bf1 Rxc1 24. Bxc1 Qc8 $19) 22... Rxc3 $2 23. Rxc3 $18 Nxe2+ $2 (23... Be8 {was necessary.} 24. Ra3 (24. Qxa6 $2 Nxe2+ 25. Kh2 Nxc3 $19) 24... Bb5) 24. Qxe2 Bxc3 {[%emt 0:00:07] [#]} 25. Bxb6 $1 Qe8 $16 26. d4 (26. Qa2 $18) 26... Ng6 27. Qc2 (27. Qxa6 $2 Nxh4 28. gxh4 Be1 $17) ({Better is} 27. Qd3 $16 Be1 28. Rb2 (28. Qxa6 $2 Bxf2+ 29. Kh2 Nxh4 $19)) 27... Be1 $11 28. Bxd5 {[%emt 0:00:07] aiming for Be4.} Bxf2+ 29. Kg2 Rf6 $1 30. Rf1 {[%emt 0:07:37] Chess con chili.} (30. Be4 $5 Bc6 $8 31. d5 (31. Bxc6 Qxc6+ 32. Qxc6 Nxh4+ 33. gxh4 Rxc6 $11) 31... Bxd5 (31... Bxb6 32. Bxg6+ Rxg6 33. Qxg6+ Qxg6 34. Nxg6 $14) 32. Bxd5 Bxb6 33. Rf1 Rxf1 34. Kxf1 $11) 30... Bc6 31. Bxc6 Qxc6+ 32. Qxc6 Nxh4+ 33. gxh4 Rxc6 {[%emt 0:00:27][%mdl 4096] Endgame. KRB-KRB} 34. Bc5 Bxh4 35. d5 {[%emt 0:00:02] Prevents Re6} Rc8 36. Ra1 Re8 37. d6 Re2+ 38. Kf1 Rd2 39. Rxa6 Bg5 (39... Rd5 $11) 40. b5 $14 {[%emt 0:00:14] Hoping for b6.} Rc2 $2 (40... Rd1+ $14 41. Kf2 Bf4) 41. Rc6 $18 {[%emt 0:30:42][%cal Oc5e3] Threatens to win with Be3!} g3 {[%emt 0:30:16][%cal Bg4g3,Bg3g2][%mdl 32] [#] White must now prevent ...g2+.} 42. b6 $2 (42. d7 $1 $18) 42... h5 $2 (42... g2+ $11 43. Kg1 Rxc5) 43. b7 {[%emt 0:00:25] White mates.} g2+ 44. Kg1 Rb2 45. Rb6 {[%emt 0:00:00] Weighted Error Value: White=0.30/Black=0.54.  Loses game:     	---       	Black=3      Missed win:     	White=2     	---        Mistake:       	White=2     	Black=3      Inaccurate:     	White=4     	Black=3      OK:         	White=10    	Black=9      Best:        	White=5     	Black=4      Strong:       	---       	Black=1} 1-0

[Event "21st Bangkok CC Open 2024"]
[Site "Bangkok"]
[Date "2024.04.14"]
[Round "2.5"]
[White "Ajay Santhosh Parvathareddy"]
[Black "Samant Aditya S"]
[Result "1/2-1/2"]
[ECO "A07"]
[WhiteElo "2170"]
[BlackElo "2512"]
[Annotator "TA"]
[PlyCount "40"]
[EventDate "2024.04.13"]
[EventType "swiss"]
[EventCountry "THA"]
[SourceTitle "playchess.com"]
[Source "ChessBase"]
[SourceQuality "1"]
[TimeControl "40/5400+30:1800+30"]

1. Nf3 Nf6 2. b3 d5 3. Bb2 Bf5 4. g3 e6 5. Bg2 h6 6. O-O Be7 7. c4 O-O 8. d3 a5 9. Nc3 c6 10. Re1 Bh7 11. e4 Na6 12. cxd5 cxd5 13. exd5 exd5 14. Ne5 Rc8 {[%emt 0:12:44] [#] And now ...Bb4 would win.} 15. Rc1 {[%emt 0:00:53][%cal Oc3d5] Threatens to win with Nxd5!} Nb4 16. a3 Nc6 17. Qf3 {[%emt 0:03:22] Repels Bf5} Nd4 18. Qd1 {[%emt 0:01:18][%cal Oc3d5] Strongly threatening Nxd5!} Nc6 19. Qf3 Nd4 20. Qd1 Nc6 {[%emt 0:06:06] Weighted Error Value: White=0.15 (very precise) /Black=0.09 (flawless) .  Inaccurate:     	White=1     	Black=3      OK:         	White=5     	Black=7} 1/2-1/2

[Event "21st Bangkok CC Open 2024"]
[Site "Bangkok"]
[Date "2024.04.14"]
[Round "2.6"]
[White "Lalit Babu M R"]
[Black "Amores Gago, Javier"]
[Result "1-0"]
[ECO "A41"]
[WhiteElo "2508"]
[BlackElo "2141"]
[Annotator "TA"]
[PlyCount "75"]
[EventDate "2024.04.13"]
[EventType "swiss"]
[EventCountry "THA"]
[SourceTitle "playchess.com"]
[Source "ChessBase"]
[SourceQuality "1"]
[TimeControl "40/5400+30:1800+30"]

1. d4 d6 2. Nf3 Bg4 3. e4 e6 4. h3 Bxf3 5. Qxf3 d5 6. Qb3 b6 7. exd5 Qxd5 8. Nc3 {[%emt 0:00:26][%cal Bb1c3,Bc3a4,Ba4c5][%mdl 32] White is better.} Qxb3 9. axb3 Bb4 10. Bf4 Kd7 11. Bc4 $36 {[%emt 0:02:32][%mdl 2048] White is really pushing. White is more active.} Nf6 12. Ke2 (12. O-O $16) 12... c6 $2 {[%emt 0:10:36] [#] Prevents Nb5. Loses the game.} (12... Bxc3 $14 13. bxc3 Ne4) 13. Na4 $1 $18 {[%emt 0:02:56][%cal Oa4b6] Black must now prevent Nxb6+!} Ba5 {[%emt 0:23:42] [#]} 14. b4 $1 b5 (14... Ke7 15. bxa5) 15. Nc5+ Ke7 {[%emt 0:00:58] Black is weak on the dark squares} 16. Rxa5 bxc4 17. Rha1 a6 18. Nxa6 Nxa6 19. Rxa6 Rxa6 20. Rxa6 {[%emt 0:00:03][%mdl 4096] Endgame. KRB-KRN} Nd5 21. Be5 {[%emt 0:01:45] Hoping for Ra7+.} Rc8 22. c3 Kf8 23. Kd2 Kg8 24. Ra5 f6 25. Bg3 Kf7 26. Ra7+ Kg6 27. Kc2 h5 28. b3 cxb3+ 29. Kxb3 h4 30. Bh2 e5 31. dxe5 {[%emt 0:00:26] White is clearly winning.} c5 32. Rd7 cxb4 33. Rxd5 Rxc3+ {[%emt 0:00:09] KRB-KR} 34. Kb2 {[%emt 0:00:02] e6 is the strong threat.} Rc8 35. Rd4 fxe5 36. Rxh4 Rd8 37. Bxe5 Kf5 38. Bxg7 {[%emt 0:00:07] Weighted Error Value: White=0.06 (flawless) /Black=0.36.  Loses game:     	---       	Black=1      Mistake:       	White=1     	---        Inaccurate:     	---       	Black=3      OK:         	White=17    	Black=7      Best:        	White=1     	Black=1      Strong:       	White=1     	---} 1-0

[Event "21st Bangkok CC Open 2024"]
[Site "Bangkok"]
[Date "2024.04.14"]
[Round "2.7"]
[White "Rahman, Taibur"]
[Black "Das, Sayantan"]
[Result "0-1"]
[ECO "D38"]
[WhiteElo "2166"]
[BlackElo "2507"]
[Annotator "TA"]
[PlyCount "124"]
[EventDate "2024.04.13"]
[EventType "swiss"]
[EventCountry "THA"]
[SourceTitle "playchess.com"]
[Source "ChessBase"]
[SourceQuality "1"]
[TimeControl "40/5400+30:1800+30"]

1. d4 d5 2. c4 e6 3. Nc3 Nf6 4. cxd5 exd5 5. Bg5 Bb4 6. Nf3 h6 7. Bh4 Bf5 {[%emt 0:03:31] D38: Queen's Gambit Declined: Ragozin Defence (4 Nf3 Bb4).} 8. Qa4+ Nc6 9. e3 g5 10. Bg3 Ne4 11. Bb5 Bd7 12. Qc2 $146 ({Predecessor:} 12. Qb3 O-O 13. Bxc6 Bxc3+ 14. bxc3 Bxc6 15. Ne5 Qe8 16. f3 Nd6 17. Kf2 f6 18. Nd3 {1-0 Sargsyan,S (2639)-Alonso Rosell,A (2564) Menorca op 1st 2022 (4)}) 12... h5 13. Nd2 (13. h4 $11 {keeps the balance.}) 13... Nxd2 14. Kxd2 h4 15. Bxc6 Bxc6 16. Be5 Rh6 17. h3 Qe7 18. a3 Bd6 19. Bxd6 Rxd6 20. Rad1 O-O-O 21. Kc1 Qf6 22. Kb1 Qg6 23. Qxg6 Rxg6 24. Rd2 Re8 25. Re1 Rd6 26. Ka1 Kd8 27. Ne2 Bd7 28. Nc1 Bf5 29. Nd3 Rf6 30. Ne5 Be4 31. Rg1 Ke7 32. Ka2 a5 33. f3 Bf5 34. Rc1 c6 35. b3 (35. Rf2 $11 {should be considered.}) 35... Re6 $15 36. Re1 f6 37. Ng4 $1 Kd6 38. Rde2 Bd3 39. Rd2 Bg6 40. Kb2 b6 41. Kc3 Bh5 42. Rde2 Kc7 43. Nf2 Bg6 44. Ng4 c5 45. Nf2 (45. Rc1 $142) 45... R8e7 ({Black should play} 45... cxd4+ 46. Kxd4 Rc6) 46. Ng4 Be8 ({Better is} 46... cxd4+ $17 47. Kxd4 Rc6) 47. Rd2 Bc6 48. Rde2 Re8 49. Nf2 ({White should try} 49. Rc1 $15) 49... Bb5 50. Nd3 Kc6 51. dxc5 (51. Kd2 $17) 51... bxc5 $19 52. e4 (52. a4 {was called for.} Ba6 53. Kc2) 52... d4+ $19 53. Kc2 $2 (53. Kd2) 53... a4 $19 54. bxa4 Bxd3+ 55. Kxd3 Ra8 56. Kc4 $2 (56. Rb2) 56... Rxa4+ $19 57. Kb3 Kb5 58. e5 c4+ 59. Kb2 f5 60. Rb1 Kc5 61. Ree1 d3 62. Ka2 Rea6 0-1

[Event "21st Bangkok CC Open 2024"]
[Site "Bangkok"]
[Date "2024.04.14"]
[Round "2.8"]
[White "Sengupta, Deep"]
[Black "Teo, Hong Ming"]
[Result "1-0"]
[ECO "A13"]
[WhiteElo "2500"]
[BlackElo "2132"]
[Annotator "TA"]
[PlyCount "47"]
[EventDate "2024.04.13"]
[EventType "swiss"]
[EventCountry "THA"]
[SourceTitle "playchess.com"]
[Source "ChessBase"]
[SourceQuality "1"]
[TimeControl "40/5400+30:1800+30"]

1. c4 e6 2. Nf3 d5 3. e3 Nf6 4. b3 c5 5. Bb2 Nc6 6. cxd5 exd5 7. Bb5 Bd6 8. O-O O-O 9. d4 cxd4 10. Nxd4 Bc7 {[%emt 0:00:04] The position is equal.} 11. Bxc6 (11. Nxc6 bxc6 12. Be2 (12. Bxc6 $2 Qd6 $19) 12... Qd6 $17) 11... bxc6 12. Ba3 {[%emt 0:00:22] Repels Qd6} (12. Nxc6 $2 Qd6 13. Ne5 Ng4 $19) (12. Qc2 $5) 12... Re8 $1 13. Nd2 (13. Nxc6 Bxh2+ 14. Kxh2 Qc7+ 15. g3 Qxc6 $17) 13... Bg4 {[%emt 0:10:06] This pair of bishops is nice.} 14. Qc2 Rc8 15. Rac1 Qd7 16. Qd3 ({But not} 16. Nxc6 Be2 17. Rfe1 Bb5 $17) 16... Bb6 17. Bc5 Qb7 (17... Ne4 $5 18. Nxe4 (18. Bxb6 Nxd2 19. Qxd2 axb6 $15) 18... dxe4 $14) 18. b4 Nd7 19. h3 Bh5 20. Bxb6 axb6 21. Qc3 {[%emt 0:01:59][%cal Od4f5] Nf5! is the strong threat.} Ne5 $2 ({Much weaker is} 21... c5 $6 22. Nf5 d4 23. exd4 $16) (21... f6 $11) 22. f4 $18 c5 $2 {[%emt 0:00:48] [#]} (22... Nc4 {was worth a try.}) 23. Nf5 $1 cxb4 $2 {[%emt 0:05:20] [#]} (23... Qb8 24. fxe5 Rxe5) 24. Qxc8 $3 {[%emt 0:00:51][%mdl 512] Weighted Error Value: White=0.06 (flawless) /Black=0.44.  Loses game:     	---       	Black=1      Mistake:       	---       	Black=2      Inaccurate:     	White=1     	---        OK:         	White=4     	Black=2      Best:        	White=1     	---        Strong:       	White=1     	Black=1      Brilliant:      	White=1     	---} 1-0

[Event "21st Bangkok CC Open 2024"]
[Site "Bangkok"]
[Date "2024.04.14"]
[Round "2.9"]
[White "Otsuka, Shou"]
[Black "Zhao, Zong-Yuan"]
[Result "1/2-1/2"]
[ECO "B06"]
[WhiteElo "2138"]
[BlackElo "2485"]
[Annotator "TA"]
[PlyCount "82"]
[EventDate "2024.04.13"]
[EventType "swiss"]
[EventCountry "THA"]
[SourceTitle "playchess.com"]
[Source "ChessBase"]
[SourceQuality "1"]
[TimeControl "40/5400+30:1800+30"]

1. e4 c5 2. c3 d5 3. exd5 Qxd5 4. d4 g6 5. Nf3 Bg7 6. Nbd2 cxd4 7. Bc4 Qd8 8. Nxd4 {[%emt 0:04:43] White has an edge.} Nh6 9. O-O O-O 10. N2f3 Nf5 11. Bg5 Nxd4 12. Nxd4 h6 13. Bh4 Qc7 14. Qe2 e6 (14... Nc6 $142) 15. Nb5 $16 Qc6 16. Rfd1 a6 {[%emt 0:12:58] [#]} 17. a4 b6 (17... axb5 $2 18. axb5 Rxa1 19. bxc6 Rxd1+ 20. Qxd1 Nxc6 21. Bf1 $18) (17... Nd7 18. Nd6) 18. Nd6 Bb7 19. f3 {[%emt 0:00:38] Active counter play!} g5 (19... Nd7 $142 20. Be7 Rfe8) 20. Bf2 {[%emt 0:00:34][%cal Oc4d3] Threatens to win with Bd3!} Nd7 21. Bd3 $36 {[%emt 0:06:58][%mdl 2048] White is in control.} (21. Nxb7 {simplifies} Qxb7 22. Bd3 Nf6 23. h4) 21... Nc5 (21... Qxd6 $2 {is the wrong capture.} 22. Bh7+ Kxh7 23. Rxd6 $18) (21... Nf6 $16 {might work better.} 22. Nxb7 Qxb7) 22. Bc2 $18 {[%emt 0:00:07] Black must now prevent b4.} a5 23. Nxb7 Nxb7 (23... Qxb7 $142 24. Rd2 Qa6) 24. Qe4 $1 Qxe4 25. Bxe4 ({Not} 25. fxe4 Nc5 $11) 25... Rab8 {[%emt 0:00:24] Black is weak on the light squares} 26. Bxb6 f5 27. Bd3 Rfc8 28. Ba7 {[%emt 0:04:40][%cal Od3a6] This pair of bishops is nice.} Ra8 29. Bf2 Nd6 {[%emt 0:00:52][%cal Bb7d6,Bd6c4,Bc4d2][%mdl 32] [#]} 30. Bb5 $1 Nc4 31. Rab1 {[%emt 0:05:07] Bd7 would now be deadly.} Rc7 32. Rd7 Rxd7 33. Bxd7 Kf7 34. b3 (34. Bb5 $142 Rc8 35. Be1) 34... Nd2 $16 35. Re1 Bxc3 (35... Ra6 $1 $14) 36. Bxe6+ Kf6 {[%emt 0:00:18][%cal Od2f3] [#] Strongly threatening ...Nxf3+!} 37. Bd5 (37. Rc1 $1 $18 Kxe6 38. Rxc3) 37... Rd8 $14 38. Re6+ Kg7 39. Re7+ (39. Rc6 $14 {deserves consideration.} Rxd5 40. Rxc3 Nxb3 41. Be3 (41. Rxb3 Rd1+ $11)) 39... Kf6 $11 40. Re6+ Kg7 41. Re7+ Kf6 {[%emt 0:31:15] Weighted Error Value: White=0.17 (very precise) /Black=0.21 (precise) .  Mistake:       	White=3     	Black=5      Inaccurate:     	White=2     	Black=3      OK:         	White=14    	Black=14     Best:        	White=2     	Black=7} 1/2-1/2

[Event "21st Bangkok CC Open 2024"]
[Site "Bangkok"]
[Date "2024.04.14"]
[Round "2.10"]
[White "Srihari L R"]
[Black "Tobing, Daniel Hermawan Lumb"]
[Result "1-0"]
[ECO "E62"]
[WhiteElo "2482"]
[BlackElo "2098"]
[Annotator "TA"]
[PlyCount "96"]
[EventDate "2024.04.13"]
[EventType "swiss"]
[EventCountry "THA"]
[SourceTitle "playchess.com"]
[Source "ChessBase"]
[SourceQuality "1"]
[TimeControl "40/5400+30:1800+30"]

1. c4 Nf6 2. d4 g6 3. g3 Bg7 4. Bg2 O-O 5. Nc3 d6 6. Nf3 Nc6 7. O-O e5 8. dxe5 dxe5 9. Bg5 Be6 10. Nd2 Qc8 11. Nd5 Nd7 12. e4 Kh8 {[%emt 0:03:35] The position is equal.} 13. Be3 Nd4 14. f4 (14. Nb3 $11) 14... c6 15. f5 cxd5 16. fxe6 fxe6 17. Rxf8+ Qxf8 18. exd5 exd5 19. cxd5 Nb6 20. Rc1 Rc8 21. Rxc8 Qxc8 22. d6 Qd7 $1 23. Ne4 {[%emt 0:03:26] With the idea Qf1.} Nc4 24. Bxd4 exd4 25. Qb3 Ne5 26. Qd5 $36 {[%emt 0:01:30][%cal Oe4c5][%mdl 2048] Nc5! is the strong threat. White is more active.} Qc6 27. Qxc6 (27. Qxd4 $2 Qc1+ (27... Nf3+ $2 28. Bxf3 Bxd4+ 29. Kg2 $19) 28. Bf1 Nf3+ 29. Kg2 Nxd4 $19) 27... bxc6 $14 {[%emt 0:00:19][%mdl 4096] Endgame. KBN-KBN} 28. Bh3 Bf8 29. d7 Be7 {[%emt 0:00:01] [#]} 30. Nc5 $1 Nf7 31. Ne6 Nd8 32. Nxd8 (32. Nxd4 $2 Bc5 33. b3 Bxd4+ $19) 32... Bxd8 {[%emt 0:00:02] [#] KB-KB} 33. b4 $1 Kg7 34. Bg2 Kf6 35. Bxc6 {[%emt 0:00:05] White is more active.} Ke5 36. Kf2 Kd6 37. Bb5 h5 38. h4 g5 $2 {[%emt 0:01:50] [#] This move loses the game for Black.} ({Black should try} 38... Kc7 $14) 39. g4 $1 $18 hxg4 40. h5 a6 $2 {[%emt 0:00:26] [#]} (40... d3 41. Kg3 (41. Bxd3 Kxd7 42. Kg3 Ke7 $16) 41... d2) 41. h6 $1 {[%emt 0:30:23] White threatens h7 and mate.} Bf6 {[%emt 0:02:09] [#]} 42. h7 $1 Ke7 43. Bxa6 {[%emt 0:00:00] Bd3 would kill now.} Be5 44. Bb5 {[%emt 0:00:00] White mates.} g3+ 45. Kg2 d3 46. Bxd3 Kxd7 47. a4 Kc6 48. a5 Kd5 {[%emt 0:01:28] Weighted Error Value: White=0.05 (flawless) /Black=0.32.  Loses game:     	---       	Black=1      Mistake:       	White=1     	Black=1      Inaccurate:     	---       	Black=3      OK:         	White=14    	Black=6      Best:        	White=1     	Black=2      Strong:       	White=1     	Black=1      Brilliant:      	White=1     	---} 1-0

[Event "21st Bangkok CC Open 2024"]
[Site "Bangkok"]
[Date "2024.04.15"]
[Round "3.1"]
[White "Ayush Sharma"]
[Black "Bernadskiy, Vitaliy"]
[Result "1/2-1/2"]
[ECO "E05"]
[WhiteElo "2311"]
[BlackElo "2561"]
[Annotator "TA"]
[PlyCount "61"]
[EventDate "2024.04.13"]
[EventType "swiss"]
[EventCountry "THA"]
[SourceTitle "playchess.com"]
[Source "ChessBase"]
[SourceQuality "1"]
[TimeControl "40/5400+30:1800+30"]

1. Nf3 d5 2. g3 Nf6 3. Bg2 e6 4. O-O Be7 5. d4 O-O 6. c4 dxc4 7. Ne5 Nc6 8. Bxc6 bxc6 9. Nxc6 Qe8 10. Qa4 (10. Nxe7+ $14 Qxe7 11. Qa4) 10... Bd6 $11 {[%emt 0:02:25] [#] Strongly threatening ...Bb7.} 11. Qxc4 Bb7 12. Ne5 {[%emt 0:04:56] White is slightly better.} c5 13. Nc3 Rd8 14. Be3 Nd5 15. Nxd5 exd5 16. Qb3 Ba6 {[%emt 0:04:30] ...cxd4 is the strong threat.} 17. Nf3 Bxe2 {[%emt 0:08:48] [#]} 18. dxc5 {[%emt 0:00:06] Threatens to win with Rfe1.} Bc7 $132 {[%emt 0:11:58][%mdl 2048] Black has counterplay. A strong pair of Bishops.} 19. Rfe1 Bxf3 20. Bf4 Qc6 {[%emt 0:00:13] Hoping for ...d4.} 21. Qxf3 {[%emt 0:00:59] Bxc7 would now be deadly.} Bxf4 22. Qxf4 Qxc5 23. Rac1 Qb6 24. Rc7 Qxb2 25. Ree7 Qf6 26. Qxf6 gxf6 27. Rxa7 d4 28. Rad7 Rxd7 {[%emt 0:00:08] The position is equal.} 29. Rxd7 Ra8 30. Rxd4 {[%emt 0:00:05] Black must now prevent a4.} Rxa2 31. Kg2 {[%emt 0:00:04] Weighted Error Value: White=0.07 (flawless) /Black=0.04 (flawless) .  Inaccurate:     	White=1     	Black=1      OK:         	White=9     	Black=12     Best:        	White=3     	Black=3} 1/2-1/2